 Dungeon Crawl Stone Soup version 0.29-a0-1023-g6ae1a4a2c7 (webtiles) character file.

Game seed: 16953696333640996864

14114 Sobieck the Destroyer (level 11, -15/89 HPs)
             Began as a Demigod Conjurer on Aug 11, 2022.
             Killed from afar by an efreet (36 damage)
             ... with a fireball
             ... on level 10 of the Dungeon.
             The game lasted 00:43:33 (12728 turns).

Sobieck the Destroyer (Demigod Conjurer)           Turns: 12728, Time: 00:43:34

Health: -15/89     AC:  5    Str:  8    XL:     11   Next: 55%
Magic:  5/23       EV: 12    Int: 32    God:
Gold:   1423       SH:  0    Dex: 12    Spells: 3/21 levels left

rFire   . . .      SeeInvis .   b - staff of air {!astaff}
rCold   + . .      Faith    .   (no shield)
rNeg    . . .      Spirit   .   P - +2 robe {Will+}
rPois   .          Reflect  .   (no helmet)
rElec   +          Harm     .   j - +0 cloak
rCorr   .          Rampage  .   (no gloves)
Will    ++...                   (no boots)
Stlth   ++........              M - amulet of magic regeneration {@e2}
HPRegen 0.24/turn               z - ring of wizardry
MPRegen 0.58/turn               O - ring of protection from cold

@: no status effects
A: high MP 1, forlorn, divine attributes
a: no special abilities


You were on level 10 of the Dungeon.
You visited 1 branch of the dungeon, and saw 10 of its levels.

You collected 1855 gold pieces.
You spent 432 gold pieces at shops.


Innate Abilities, Weirdness & Mutations

You have an increased reservoir of magic. (+10% MP)
You shall have no god before yourself.
Your divine heritage dramatically boosts your attributes as you level up.


   Skills:
 - Level 6.0 Fighting
 - Level 3.0 Dodging
 - Level 1.7 Stealth
 + Level 5.5 Spellcasting
 + Level 10.7 Conjurations
 - Level 5.0 Hexes
 - Level 6.0 Necromancy
 - Level 5.0 Translocations
 - Level 7.0 Air Magic


You had 3 spell levels left.
You knew the following spells:

 Your Spells              Type           Power      Damage    Failure   Level
a - Magic Dart            Conj           100%       1d8       1%          1
b - Searing Ray           Conj           100%       2d8       1%          2
c - Fulminant Prism       Conj/Hex       28%        3d14      1%          4
d - Iskenderun's Mystic   Conj/Tloc      56%        2d12      1%          4
e - Lightning Bolt        Conj/Air       39%        1d57      1%          5
f - Sublimation of Blood  Necr           47%        N/A       1%          2

Your spell library contained the following spells:

 Spells                   Type           Power      Damage    Failure   Level
 Foxfire                  Conj/Fire      100%       2x1d9     1%          1
 Shock                    Conj/Air       100%       1d9       1%          1
 Summon Small Mammal      Summ           32%        N/A       1%          1
 Blink                    Tloc           80%        N/A       1%          2
 Ensorcelled Hibernation  Hex/Ice        48%        N/A       1%          2
 Static Discharge         Conj/Air       78%        3-13/arc  1%          2
 Conjure Flame            Conj/Fire      43%        6-21      1%          3
 Dazzling Flash           Conj/Hex       100%       N/A       1%          3
 Lesser Beckoning         Tloc           40%        N/A       1%          3
 Stone Arrow              Conj/Erth      86%        3d12      1%          3
 Swiftness                Air            69%        N/A       1%          3
 Inner Flame              Hex/Fire       24%        N/A       2%          3
 Summon Guardian Golem    Hex/Summ       24%        N/A       2%          3
 Wereblood                Tmut           8%         N/A       3%          2
 Call Canine Familiar     Summ           8%         N/A       6%          3
 Ignite Poison            Fire/Tmut/Pois 8%         N/A       6%          3
 Spider Form              Tmut/Pois      8%         N/A       6%          3
 Airstrike                Air            34%        2d(5-21)  1%          4
 Anguish                  Hex/Necr       22%        N/A       1%          4
 Flame Wave               Conj/Fire      43%        2d11      2%          4
 Sticky Flame             Conj/Fire      43%        2d6       2%          4
 Summon Lightning Spire   Summ/Air       46%        N/A       4%          4
 Manifold Assault         Tloc           40%        N/A       7%          5
 Animate Armour           Summ/Erth      16%        N/A       19%         4
 Ice Form                 Ice/Tmut       8%         N/A       19%         4
 Summon Ice Beast         Ice/Summ       8%         N/A       19%         4
 Summon Mana Viper        Hex/Summ       24%        N/A       19%         5
 Simulacrum               Ice/Necr       14%        N/A       61%         6
 Maxwell's Capacitive Co  Air            34%        ∞         99%         8
 Monstrous Menagerie      Summ           4%         N/A       100%        7
 Summon Hydra             Summ           4%         N/A       100%        7
 Lehudib's Crystal Spear  Conj/Erth      21%        10d6      100%        8

Inventory:

Hand Weapons
 c - a +0 dagger {short}
   (You found it on level 1 of the Dungeon)
 e - a +0 dagger {short}
   (You took it off a goblin on level 1 of the Dungeon)
 y - a +2 whip of freezing {mace}
   (You took it off a kobold on level 1 of the Dungeon)
 F - a +6 short sword of draining {short}
   (You took it off a wight on level 8 of the Dungeon)
 G - a +1 scythe of venom {polearm}
   (You took it off Sigmund on level 4 of the Dungeon)
 L - a +1 dagger of draining {short}
   (You found it on level 5 of the Dungeon)
 R - a +0 battleaxe {axe}
   (You took it off Blork the orc on level 5 of the Dungeon)
 V - a +3 scimitar {long}
   (You took it off a wight on level 10 of the Dungeon)
Missiles
 t - 15 boomerangs {throwing}
 v - 2 silver boomerangs {throwing}
Armour
 j - a +0 cloak (worn)
   (You found it on level 7 of the Dungeon)
 w - a +0 leather armour
   (You took it off an orc on level 3 of the Dungeon)
 B - a +0 leather armour
   (You took it off an orc on level 3 of the Dungeon)
 K - a +0 leather armour
   (You found it on level 5 of the Dungeon)
 P - a +2 robe of willpower (worn)
   (You took it off Blork the orc on level 5 of the Dungeon)
 S - a +0 leather armour
   (You took it off Eustachio on level 5 of the Dungeon)
 X - a +0 leather armour
   (You found it on level 5 of the Dungeon)
 Y - a +0 leather armour
   (You took it off an orc on level 6 of the Dungeon)
 Z - a +0 chain mail
   (You took it off an orc warrior on level 6 of the Dungeon)
Magical Staves
 a - a staff of conjuration {!a@e2staff}
   (You found it on level 3 of the Dungeon)
 b - a staff of air (weapon) {!astaff}
   (You acquired it on level 9 of the Dungeon)
Jewellery
 d - a +4 ring of evasion
   (You found it on level 6 of the Dungeon)
 k - a ring of protection from fire
   (You took it off a wight on level 7 of the Dungeon)
 z - a ring of wizardry (left hand)
   (You took it off a hobgoblin on level 4 of the Dungeon)
 H - a +6 ring of strength
   (You found it on level 10 of the Dungeon)
 J - a ring of ice
   (You took it off an orc wizard on level 10 of the Dungeon)
 M - an amulet of magic regeneration (around neck) {@e2}
   (You found it on level 5 of the Dungeon)
 O - a ring of protection from cold (right hand)
   (You found it on level 5 of the Dungeon)
Wands
 g - a wand of quicksilver (9)
   (You took it off Maggie on level 6 of the Dungeon)
 i - a wand of charming (3)
   (You found it on level 9 of the Dungeon)
 p - a wand of iceblast (6)
   (You took it off a wight on level 7 of the Dungeon)
 Q - a wand of flame (16)
   (You took it off Blork the orc on level 5 of the Dungeon)
 U - a wand of polymorph (6)
   (You took it off Eustachio on level 5 of the Dungeon)
Scrolls
 f - 3 scrolls of noise {!r}
 o - a scroll of enchant armour
 q - 2 scrolls of magic mapping {!r}
 x - a scroll of fear
 I - a scroll of poison {!r}
 N - a scroll of torment {!r}
Potions
 h - 2 potions of brilliance
 l - 6 potions of curing {@q1}
 m - 4 potions of heal wounds {@q2}
 n - 2 potions of berserk rage {!q}
 r - 5 potions of attraction {!q}
 s - a potion of ambrosia
 u - 2 potions of magic
 A - a potion of haste {unknown}
 C - 2 potions of mutation {!q}
 D - 2 potions of resistance
 E - a potion of might {unknown}
 T - 3 potions of lignification {!q}
 W - a potion of cancellation {unknown}

Dungeon Overview and Level Annotations

Branches:
Dungeon (10/15) Zot: 25605  Temple (0/1) D:6            Lair (0/5) D:9
    Orc: D:9-12

Shops:
D:2 (   D:4 *   D:8 [   D:10 !

Annotations:
D:7 1 transporter, JakeJacob's ghost, novice VSFi
D:8 1 runed translucent door, purpskrrrp's ghost, novice VSMo
D:10 Maurice

#..##..####.....##..#####...##
#.##..###.....###............. #
###..###.....##............... ##
...###.#####.##.............. .#
######.## ##.##.............
#####..#.## ##.#..#...#######
.#.....#.# ##.##..#....#.....
.#.....#.# #[###..#....#.....
.#....[#.# ##@#.#..#....#.....
.#####.#.##○###R##.#.####..##..##
....#..##.##☼..##.##......)......
....#...##.#####.##....~≈~≈~≈~~~.
....#....##.....##)....~#######~.
#...####..#######..##.†~# #≈.
...................#)..~# #~.
..............#....#.).≈# #~.
............[.#..(.#...~# #~.


You could see an efreet.


Message History

Things that are here:
a +0 long sword {long}; a +0 robe
Things that are here:
a +0 long sword {long}; a +0 robe
Things that are here:
a +3 flail {mace}; a +0 robe You see here a +0 robe.
Things that are here:
a +0 club {mace}; a +0 leather armour; an orc skeleton
Things that are here:
a +0 robe; a +0 dagger {short}
Things that are here:
a +0 longbow {bow}; a centaur skeleton You now have 1423 gold pieces (gained 18).
You see here a +1 chain mail of positive energy.
Unknown command.
Your pack is full.
You see here a +2 vampiric long sword {long}.
Unknown command.
Your pack is full.
You see here a +2 vampiric long sword {long}.
Could not pick up a +2 vampiric long sword {long} here; ([A]lways) ignore it?
Autopickup disabled for long swords.
An efreet comes into view.
It is wielding a +1 scimitar of flaming.
Danger!
Casting: Fulminant Prism (mildly dangerous; 1% risk of failure)
Confirm with . or Enter, or press ? or * to list all spells.
You erupt in a blast of force!
The mystic blast hits the efreet!
The efreet is knocked back by the mystic blast.
The efreet slams into the metal wall!
You hear a roar!
You hear a shout!
A five-headed hydra comes into view.
Casting: Iskenderun's Mystic Blast (mildly dangerous; 1% risk of failure)
Confirm with . or Enter, or press ? or * to list all spells.
You erupt in a blast of force!
The mystic blast hits the efreet!
The efreet is knocked back by the mystic blast.
The efreet slams into the metal wall!
The five-headed hydra is engulfed in blazing flames.
Casting: Iskenderun's Mystic Blast (mildly dangerous; 1% risk of failure)
Confirm with . or Enter, or press ? or * to list all spells.
You erupt in a blast of force!
The mystic blast hits the five-headed hydra!
Casting: Iskenderun's Mystic Blast (mildly dangerous; 1% risk of failure)
Confirm with . or Enter, or press ? or * to list all spells.
You erupt in a blast of force!
The mystic blast hits the five-headed hydra!
The five-headed hydra is knocked back by the mystic blast.
Casting: Iskenderun's Mystic Blast (mildly dangerous; 1% risk of failure)
Confirm with . or Enter, or press ? or * to list all spells.
You erupt in a blast of force!
The mystic blast hits the five-headed hydra!!
The five-headed hydra is knocked back by the mystic blast.
The five-headed hydra slams into the metal wall!
You hear a shout!
Casting: Iskenderun's Mystic Blast (mildly dangerous; 1% risk of failure)
Confirm with . or Enter, or press ? or * to list all spells.
You erupt in a blast of force!
The mystic blast hits the five-headed hydra!
The five-headed hydra is knocked back by the mystic blast.
The five-headed hydra slams into the metal wall!
You kill the five-headed hydra!
The efreet gestures at you. The bolt of fire hits you!!
Casting: Iskenderun's Mystic Blast (mildly dangerous; 1% risk of failure)
Confirm with . or Enter, or press ? or * to list all spells.
You don't have enough magic to cast this spell.
Unknown command.
Casting: Iskenderun's Mystic Blast (mildly dangerous; 1% risk of failure)
Confirm with . or Enter, or press ? or * to list all spells.
Okay, then.
Unknown command.
You see here a +2 vampiric long sword {long}.
Casting: Iskenderun's Mystic Blast (mildly dangerous; 1% risk of failure)
Confirm with . or Enter, or press ? or * to list all spells.
You draw magical energy from your own body!
Casting: Sublimation of Blood (safe; 1% risk of failure)
Confirm with . or Enter, or press ? or * to list all spells.
You draw magical energy from your own body!
Casting: Sublimation of Blood (safe; 1% risk of failure)
Confirm with . or Enter, or press ? or * to list all spells.
Okay, then.
Casting: Sublimation of Blood (safe; 1% risk of failure)
Confirm with . or Enter, or press ? or * to list all spells.
You draw magical energy from your own body!
The efreet hits you with a +1 scimitar of flaming!
The efreet burns you.
Casting: Sublimation of Blood (safe; 1% risk of failure)
Confirm with . or Enter, or press ? or * to list all spells.
You draw magical energy from your own body!
The efreet hits you with a +1 scimitar of flaming!!
* * * LOW HITPOINT WARNING * * *
The efreet burns you.
* * * LOW HITPOINT WARNING * * *
Casting: Sublimation of Blood (safe; 1% risk of failure)
Confirm with . or Enter, or press ? or * to list all spells.
You erupt in a blast of force!
The mystic blast hits the efreet but does no damage.
The efreet gestures at you.
The fireball explodes!
The fireball engulfs you!!!
You die...

Skill      XL: |  1  2  3  4  5  6  7  8  9 10 11 |
---------------+----------------------------------+-----
Spellcasting   | 2 3 4 5 |  5.5
Conjurations   | 4 6 7 8 9 10 | 10.7
Hexes          | 1 4 5 |  5.0
Translocations | 4 5 |  5.0
Necromancy     | 3 6 |  6.0
Dodging        | 2 3 |  3.0
Fighting       | 1 4 6 |  6.0
Air Magic      | 4 7 |  7.0
Stealth        | |  1.7

Action                   |  1- 3 |  4- 6 |  7- 9 | 10-12 || total
-------------------------+-------+-------+-------+-------++-------
Melee: Staff             |       |       |       |    10 ||    10
 Cast: Magic Dart        |    56 |    92 |    57 |    16 ||   221
       Searing Ray       |     4 |     8 |    27 |     1 ||    40
       Fulminant Prism   |       |       |    60 |    69 ||   129
       Iskenderun's Myst |       |       |     9 |    21 ||    30
       Wereblood         |       |       |     1 |       ||     1
       Lightning Bolt    |       |       |       |    35 ||    35
       Sublimation of Bl |       |       |       |     6 ||     6
  Use: Scroll            |       |     7 |     7 |     8 ||    22
       Potion            |       |       |     1 |       ||     1
Armor: Robe              |     1 |       |     7 |     9 ||    17
Dodge: Dodged            |     5 |     5 |    24 |    32 ||    66

Levels and vault maps discovered:
D:1:      dpeg_arrival_line_fractal, layout_rooms, serial_shops,
          nicolae_shop_crystal, shapermc_ecumenical_altar_hornbeckon
D:2:      layout_basic, serial_shops, shop
D:3:      layout_loops_corners, nicolae_overflow_ecumenical_swirl, st_stairs_4
D:4:      layout_gridville, serial_shops, nicolae_shop_overgrown_old_shop,
          minmay_misc_feat_roman, uniq_duvessa, uniq_sigmund
D:5:      minmay_general_purpose_star, layout_layer_cave,
          general_overflow_altar, grunt_temple_overflow_open,
          uniq_blork_the_orc, uniq_eustachio, uniq_menkaure, uniq_grinder
D:6:      layout_basic, minmay_temple_entry_slanted, uniq_maggie
D:7:      minmay_spotlight, layout_loops_ring, gammafunk_ghost_stat_death
D:8:      layout_rooms, serial_shops, nicolae_shop_behind_doors,
          ebering_ghost_xom
D:9:      hangedman_cross_stitches, layout_loops_ring, david_lair_generic,
          eino_jars
D:10:     minmay_the_grid_octo_triangle [minmay_the_grid_octo_concentric,
          minmay_the_grid_octo_prize_single_spiral, minmay_the_grid_octo_77],
          layout_grid_maze, kennysheep_little_box, serial_shops, shop,
          nooodl_orcs_dogs, uniq_maurice, uniq_nergalle

Notes
Turn   | Place    | Note
-------+----------+-------------------------------------------
     0 | D:1      | Sobieck the Demigod Conjurer began the quest for the Orb.
     0 | D:1      | Reached XP level 1. HP: 14/14 MP: 5/5
   105 | D:1      | Reached skill level 2 in Spellcasting
   391 | D:1      | Reached XP level 2. HP: 20/20 MP: 4/7
   509 | D:1      | Learned a level 2 spell: Searing Ray
   554 | D:1      | Found Itychot's Book Shoppe.
   670 | D:1      | Reached skill level 4 in Conjurations
   914 | D:2      | Found Tauxay's Weapon Shop.
   928 | D:2      | Reached XP level 3. HP: 26/26 MP: 7/9
  1684 | D:3      | Reached XP level 4. HP: 33/33 MP: 1/11
  1695 | D:3      | Reached skill level 3 in Spellcasting
  2324 | D:3      | Learned a level 4 spell: Fulminant Prism
  2663 | D:3      | Reached skill level 5 in Conjurations
  3068 | D:4      | Noticed Duvessa
  3077 | D:4      | Noticed Dowan
  3081 | D:4      | Killed Duvessa
  3082 | D:4      | Reached skill level 6 in Conjurations
  3082 | D:4      | Reached XP level 5. HP: 31/38 MP: 2/12
  3162 | D:4      | Killed Dowan
  3254 | D:4      | Reached XP level 6. HP: 37/45 MP: 6/13
  3495 | D:4      | You pick up a book of Flames and begin reading...
  3495 | D:4      | You add the spells Foxfire, Conjure Flame, Inner Flame and
                  | Flame Wave to your library.
  3530 | D:4      | You add the spells Call Canine Familiar, Ice Form, Summon
                  | Lightning Spire and Simulacrum to your library.
  3530 | D:4      | Got the Parchment of the Collective Winter
  3563 | D:4      | Found Xannamuaxt's Assorted Antiques.
  3868 | D:4      | Noticed Sigmund
  3881 | D:4      | Killed Sigmund
  3882 | D:4      | Reached skill level 7 in Conjurations
  3882 | D:4      | Reached skill level 1 in Hexes
  3882 | D:4      | Reached XP level 7. HP: 43/50 MP: 9/14
  4145 | D:4      | You pick up a book of Lightning and begin reading...
  4145 | D:4      | You add the spells Static Discharge, Lightning Bolt and
                  | Maxwell's Capacitive Coupling to your library.
  4306 | D:5      | Entered Level 5 of the Dungeon
  4479 | D:5      | Noticed Grinder
  4488 | D:5      | Paralysed by Grinder for 2 turns
  4494 | D:5      | Killed Grinder
  4495 | D:5      | Reached skill level 2 in Hexes
  4700 | D:5      | Reached skill level 3 in Hexes
  4804 | D:5      | You pick up a book of Callings and begin reading...
  4804 | D:5      | You add the spells Summon Small Mammal and Summon Guardian
                  | Golem to your library.
  4818 | D:5      | Noticed Menkaure
  4822 | D:5      | Killed Menkaure
  4823 | D:5      | Reached skill level 8 in Conjurations
  4965 | D:5      | You pick up a book of Blood and begin reading...
  4965 | D:5      | You add the spells Sublimation of Blood, Wereblood and
                  | Summon Hydra to your library.
  5207 | D:5      | Noticed Blork the orc
  5218 | D:5      | Killed Blork the orc
  5219 | D:5      | Reached skill level 4 in Hexes
  5357 | D:5      | Noticed Eustachio
  5363 | D:5      | Killed Eustachio
  5364 | D:5      | Reached XP level 8. HP: 45/57 MP: 9/15
  5654 | D:5      | You pick up a book of Dreams and begin reading...
  5654 | D:5      | You add the spells Ensorcelled Hibernation, Spider Form and
                  | Anguish to your library.
  5897 | D:5      | You pick up a book of Armaments and begin reading...
  5897 | D:5      | You add the spells Stone Arrow, Animate Armour and
                  | Lehudib's Crystal Spear to your library.
  5903 | D:5      | Learned a level 4 spell: Iskenderun's Mystic Blast
  6184 | D:6      | Reached skill level 5 in Hexes
  6382 | D:5      | Learned a level 2 spell: Wereblood
  6390 | D:6      | Reached skill level 1 in Translocations
  6584 | D:6      | Reached skill level 4 in Spellcasting
  6584 | D:6      | Reached skill level 2 in Translocations
  6599 | D:6      | Learned a level 2 spell: Sublimation of Blood
  6734 | D:6      | Reached skill level 1 in Necromancy
  6774 | D:6      | Noticed Maggie
  6802 | D:6      | Killed Maggie
  6803 | D:6      | Reached skill level 2 in Necromancy
  6803 | D:6      | Reached skill level 3 in Translocations
  7130 | D:6      | Reached skill level 3 in Necromancy
  7249 | D:6      | Reached skill level 4 in Translocations
  7355 | D:6      | Found a staircase to the Ecumenical Temple.
  7660 | D:6      | Reached XP level 9. HP: 62/62 MP: 14/18
  7882 | D:7      | Reached skill level 4 in Necromancy
  8040 | D:7      | Found a transporter.
  8044 | D:7      | Noticed JakeJacob's ghost (novice VSFi)
  8144 | D:7      | Reached skill level 5 in Translocations
  8159 | D:7      | Reached skill level 5 in Necromancy
  8247 | D:7      | Reached skill level 6 in Necromancy
  8331 | D:7      | Reached skill level 5 in Spellcasting
  8442 | D:7      | Reached skill level 2 in Dodging
  8458 | D:7      | Reached skill level 1 in Fighting
  8794 | D:7      | Learned a level 5 spell: Lightning Bolt
  8875 | D:8      | Found a runed translucent door.
  8875 | D:8      | Noticed purpskrrrp's ghost (novice VSMo)
  8875 | D:8      | Noticed a +3 long sword of chaos
  8913 | D:8      | Reached skill level 1 in Air Magic
  9056 | D:8      | You pick up a book of Blood and begin reading...
  9062 | D:8      | You pick up a book of Air and begin reading...
  9062 | D:8      | You add the spells Shock, Swiftness and Airstrike to your
                  | library.
  9143 | D:8      | Reached skill level 2 in Air Magic
  9202 | D:8      | You add the spells Ignite Poison and Sticky Flame to your
                  | library.
  9206 | D:8      | Found Yrefui's Antique Armour Shoppe.
  9573 | D:9      | Noticed a two-headed ogre
  9585 | D:9      | Killed a two-headed ogre
  9586 | D:9      | Reached skill level 4 in Air Magic
  9586 | D:9      | Reached XP level 10. HP: 61/72 MP: 12/21
  9706 | D:9      | Reached skill level 5 in Air Magic
  9792 | D:9      | Reached skill level 6 in Air Magic
  9856 | D:9      | Reached skill level 7 in Air Magic
  9902 | D:9      | Reached skill level 2 in Fighting
  9902 | D:9      | Reached skill level 3 in Dodging
 10048 | D:9      | Noticed a boulder beetle
 10076 | D:9      | You pick up a book of Lightning and begin reading...
 10120 | D:9      | You pick up a book of Spatial Translocations and begin
                  | reading...
 10120 | D:9      | You add the spells Blink, Lesser Beckoning and Manifold
                  | Assault to your library.
 10411 | D:9      | Reached skill level 3 in Fighting
 10487 | D:9      | Found a staircase to the Lair.
 10503 | D:9      | You pick up a book of Storms and begin reading...
 10537 | D:9      | Reached skill level 9 in Conjurations
 10589 | D:9      | Reached skill level 4 in Fighting
 10681 | D:9      | You pick up a book of Beasts and begin reading...
 10681 | D:9      | You add the spells Summon Ice Beast, Summon Mana Viper and
                  | Monstrous Menagerie to your library.
 10748 | D:9      | Reached XP level 11. HP: 84/84 MP: 18/22
 10875 | D:9      | Killed a boulder beetle
 11336 | D:10     | Entered Level 10 of the Dungeon
 11383 | D:10     | Reached skill level 5 in Fighting
 11604 | D:9      | Identified 2 scrolls of acquirement
 11604 | D:9      | Acquired a staff of air
 11608 | D:9      | Acquired 940 gold pieces
 11713 | D:10     | Noticed Maurice
 12008 | D:10     | Noticed Nergalle
 12020 | D:10     | Killed Nergalle
 12021 | D:10     | Reached skill level 10 in Conjurations
 12247 | D:10     | Noticed a centaur warrior
 12252 | D:10     | Killed a centaur warrior
 12253 | D:10     | Reached skill level 6 in Fighting
 12459 | D:10     | Found Emiuryla's Distillery.
 12467 | D:10     | Bought a potion of heal wounds for 60 gold pieces
 12467 | D:10     | Bought a potion of mutation for 96 gold pieces
 12467 | D:10     | Bought a potion of heal wounds for 60 gold pieces
 12467 | D:10     | Bought a potion of curing for 36 gold pieces
 12467 | D:10     | Bought a potion of heal wounds for 60 gold pieces
 12467 | D:10     | Bought a potion of resistance for 120 gold pieces
 12716 | D:10     | Noticed a five-headed hydra
 12721 | D:10     | Killed a five-headed hydra
 12727 | D:10     | HP: 21/89 [efreet/+1 scimitar of flaming (6)]
 12728 | D:10     | Killed from afar by an efreet

Vanquished Creatures
  A hydra (D:10)
  A boulder beetle (D:9)
  A centaur warrior (D:10)
  A two-headed ogre (D:9)
  Nergalle (D:10)
  A cyclops (D:10)
  An elephant (D:9)
  Maggie (D:6)
  A troll (D:9)
  Grinder (D:5)
  A hornet (D:7)
  Sigmund (D:4)
  2 wyverns
  23 yaks
  Eustachio (D:5)
  2 steam dragons (D:6)
  Menkaure (D:5)
  2 wargs (D:10)
  An acid dragon (D:9)
  Duvessa (D:4)
  3 water moccasins
  3 ice beasts
  A sky beast (D:7)
  5 orc warriors
  2 black bears (D:9)
  2 centaurs (D:9)
  6 kobold brigands
  Blork the orc (D:5)
  A necrophage (D:7)
  4 bullfrogs
  4 scorpions
  15 wights
  Dowan (D:4)
  14 killer bees (D:9)
  3 howler monkeys
  2 jellies
  3 hounds
  3 orc priests (D:10)
  2 gnoll boudas
  3 iguanas
  6 orc wizards
  2 adders
  7 gnolls
  2 ufetubi (D:7)
  4 worms
  6 dart slugs
  31 orcs
  5 bats
  4 endoplasms
  A giant cockroach (D:1)
  7 goblins
  7 hobgoblins
  27 kobolds
  4 quokkas
  9 ball pythons
  2 frilled lizards (D:2)
  6 rats
253 creatures vanquished.

Vanquished Creatures (others)
  129 fulminant prisms
  A fungus (D:9)
  3 plants (D:9)
133 creatures vanquished.

Grand Total: 386 creatures vanquished

Table legend:
 A = Non-vault XP
 B = Vault XP
 C = Vault XP percentage of total XP
 D = Non-vault monster count
 E = Vault monster count
 F = Vault count percentage of total count
                 A         B        C        D         E       F
            +---------+---------+-------+---------+---------+-------
      Total |   10611 |    9552 |  47.4 |     202 |      51 |  20.2
            +---------+---------+-------+---------+---------+-------
        D:1 |      42 |       0 |   0.0 |      15 |       0 |   0.0
        D:2 |      24 |       0 |   0.0 |      12 |       0 |   0.0
        D:3 |     114 |       2 |   1.7 |      28 |       2 |   6.7
        D:4 |     247 |     455 |  64.8 |      16 |       3 |  15.8
        D:5 |      83 |     778 |  90.4 |       3 |       5 |  62.5
        D:6 |    1228 |     428 |  25.8 |      19 |       1 |   5.0
        D:7 |    1373 |     938 |  40.6 |      21 |       7 |  25.0
        D:8 |     538 |       0 |   0.0 |      22 |       0 |   0.0
        D:9 |    5203 |    3494 |  40.2 |      47 |      23 |  32.9
       D:10 |    1759 |    3457 |  66.3 |      19 |      10 |  34.5
            +---------+---------+-------+---------+---------+-------

Illustrated notes

Table legend:
 A = Kills in this place as a percentage of kills in entire the game.
 B = Kills by you in this place as a percentage of kills by you in the entire game.
 C = Kills by friends in this place as a percentage of kills by friends in the entire game.
 D = Other kills in this place as a percentage of other kills in the entire game.
 E = Experience gained in this place as a percentage of experience gained in the entire game.
 F = Experience gained in this place divided by the number of levels of this place that you have seen.
                   A       B       C       D       E      F
               +-------+-------+-------+-------+-------+----------------------
         Total | 100.0 | 100.0 |   N/A |   N/A | 100.0 | 2016.3
       Dungeon | 100.0 | 100.0 |   N/A |   N/A | 100.0 | 2016.3
               +-------+-------+-------+-------+-------+----------------------

Table legend: (Time is in decaauts)
 A = Elapsed time spent in this place.
 B = Non-inter-level travel time spent in this place.
 C = Inter-level travel time spent in this place.
 D = Time resting spent in this place.
 E = Time spent auto-exploring this place.
 F = Levels seen in this place.
 G = Mean time per level.
                   A        B        C        D        E       F      G
               +--------+--------+--------+--------+--------+-----+--------+
         Total |  12745 |  12427 |    318 |   2584 |   7533 |  10 | 1274.5 |
       Dungeon |  12745 |  12427 |    318 |   2584 |   7533 |  10 | 1274.5 |
               +--------+--------+--------+--------+--------+-----+--------+

Top non-repeatable levels by time:
     D:9: 2016 daAuts
     D:5: 2008 daAuts
     D:3: 1581 daAuts
     D:6: 1467 daAuts
    D:10: 1297 daAuts
     D:4: 1269 daAuts
     D:7: 961 daAuts
     D:1: 873 daAuts
     D:2: 650 daAuts
     D:8: 619 daAuts
